 Dungeon Crawl Stone Soup version 0.25.1-2-g60ff931df9 (webtiles) character file.

Game seed: 1842323455217508473

113 DogServant the Chucker (level 4, 16/49 HPs)
             Began as an Ogre Hunter on Nov 11, 2020.
             Quit the game on level 2 of the Dungeon.
             The game lasted 00:02:38 (1761 turns).

DogServant the Chucker (Ogre Hunter)                Turns: 1761, Time: 00:02:39

Health: 16/49      AC:  3    Str: 17    XL:     4   Next: 96%
Magic:  4/4        EV: 10    Int: 12    God:
Gold:   91         SH:  0    Dex:  9    Spells: 3/3 levels left

rFire    . . .     SeeInvis .   e - +4 spear
rCold    . . .     Gourm    .   (no shield)
rNeg     . . .     Faith    .   b - +0 robe
rPois    .         Spirit   .   i - +0 hat
rElec    .         Reflect  .   (no cloak)
rCorr    .         Harm     .   (gloves unavailable)
MR       .....                  (boots unavailable)
Stlth    +.........             (no amulet)
HPRegen  0.16/turn              (no ring)
MPRegen  0.09/turn              (no ring)

@: no status effects
A: large, unfitting armour, tough skin 1
a: no special abilities


You were on level 2 of the Dungeon.
You were not hungry.

You visited 1 branch of the dungeon, and saw 3 of its levels.

You collected 91 gold pieces.

Inventory:

Hand Weapons
 e - a +4 spear (weapon)
Missiles
 d - a throwing net (quivered)
Armour
 b - a +0 robe (worn)
 i - a +0 hat (worn)
Scrolls
 a - a scroll of teleportation {unknown}
 g - a scroll of fear {unknown}
 h - 2 scrolls of identify {unknown}
 j - a scroll of random uselessness {unknown}
 l - a scroll of enchant armour {unknown}
 m - a scroll of immolation {unknown}
 o - a scroll of amnesia {unknown}
Potions
 k - a potion of flight {unknown}
 n - 2 potions of mutation {unknown}
Comestibles
 f - 3 rations
 p - 3 chunks of flesh


   Skills:
 - Level 4.3 Fighting
 + Level 1.4 Polearms
 + Level 5.1 Throwing
 - Level 1.7 Dodging
 - Level 0.6 Stealth


You had 3 spell levels left.
You didn't know any spells.
Your spell library was empty.

Dungeon Overview and Level Annotations

Branches:
Dungeon (3/15)

Altars:


Innate Abilities, Weirdness & Mutations

You are too large for most types of armour.
You have tough skin. (AC +1)


Message History

Throwing (i - inventory. (/) - cycle)
c - 2 large rocks (quivered)
Press: ? - help, Shift-Dir - straight line, f/p - orc wizard
Aim: an orc wizard, wielding a +0 dagger and wearing a cursed +0 robe You throw a large rock.
The large rock closely misses the orc wizard.
The orc wizard begins to cast a cantrip, but forgets the words!
The orc wizard hits you with a +0 dagger.
The orc wizard hits you but does no damage.
The orc wizard hits you with a +0 dagger.
Unknown command.
Throwing (i - inventory. (/) - cycle)
c - a large rock (quivered)
Press: ? - help, Shift-Dir - straight line, f/p - orc wizard
Aim: an orc wizard, wielding a +0 dagger and wearing a cursed +0 robe You throw a large rock.
The large rock closely misses the orc wizard.
The orc wizard hits you with a +0 dagger. x2
Unknown command.
You are too injured to fight recklessly!
You are too injured to fight recklessly!
Are you sure you want to abandon this character and quit the game? (Confirm with "yes".)

#.......#########
#.#..#..........########
#.##.####.....#.......##
#.##...######....####..#
#.####....######......).
#.# ##..........#####..
#.# #.................
#.# #[[........#####.#
#.# #@o.....(..#.....#
#.# #[o..........#####
#.##############........
#..##...####......######
##.##........####.#
#.##......####...# ###
#.#######......#####.##
#.#....#######.# #..(.#
#.#....# ##...# #.#.##


You could see 2 orc wizards.

Vanquished Creatures
  An orc wizard (D:2)
  3 gnolls (D:2)
  An adder (D:2)
  An ooze (D:2)
  2 leopard geckos (D:2)
  3 orcs (D:2)
  4 bats
  A giant cockroach (D:2)
  2 goblins (D:1)
  4 hobgoblins
  4 jackals (D:2)
  2 quokkas (D:2)
  4 frilled lizards
  4 kobolds
  7 rats
43 creatures vanquished.

Notes
Turn   | Place    | Note
-------+----------+-------------------------------------------
     0 | D:1      | DogServant the Ogre Hunter began the quest for the Orb.
     0 | D:1      | Reached XP level 1. HP: 22/22 MP: 1/1
   181 | D:1      | Reached XP level 2. HP: 31/31 MP: 2/2
   517 | D:2      | Reached XP level 3. HP: 33/39 MP: 3/3
   669 | D:2      | Reached XP level 4. HP: 8/49 MP: 4/4
  1443 | D:2      | Reached skill level 1 in Polearms
  1443 | D:2      | Reached skill level 5 in Throwing
  1761 | D:2      | Quit the game

Illustrated notes

Levels and vault maps discovered:
D:1:      saegor_arrival_under_anarchy, layout_basic
D:2:      layout_rooms, minmay_misc_feat_doors, nrook_loot_triangle,
          kennysheep_generic_room_12
D:3:      layout_rooms

Skill      XL: |  1  2  3  4 |
---------------+-------------+-----
Fighting       | 3 4 |  4.3
Polearms       | 1 |  1.4
Throwing       | 5 |  5.1
Dodging        | |  1.7
Stealth        | |  0.6

Action                   |  1- 3 |  4- 6 || total
-------------------------+-------+-------++-------
Melee: Spear             |    49 |    49 ||    98
       Short sword       |     1 |       ||     1
Throw: Large rock        |     8 |    10 ||    18
       Throwing net      |     3 |       ||     3
 Stab: Sleeping          |     3 |     1 ||     4
  Eat: Chunk             |       |     3 ||     3
Armor: Robe              |     8 |     9 ||    17
Dodge: Dodged            |    25 |    26 ||    51
